 Dungeon Crawl Stone Soup version 0.21.1-1-g345015f (webtiles) character file.

625 Fortress the Firebug (level 7, -3/55 HPs)
             Began as a Green Draconian Fire Elementalist on June 4, 2018.
             Was an Initiate of Okawaru.
             Slain by a sky beast (6 damage)
             ... on level 5 of the Dungeon.
             The game lasted 01:33:49 (4773 turns).

Fortress the Firebug (DrFE)                         Turns: 4773, Time: 01:33:49

Health: -3/55      AC:  8    Str: 11    XL:     7   Next: 23%
Magic:  2/13       EV: 13    Int: 17    God:    Okawaru [......]
Gold:   190        SH:  0    Dex: 11    Spells: 5/14 levels left

rFire    . . .     SeeInvis .   w - +1 flail (protect)
rCold    . . .     Gourm    .   (no shield)
rNeg     + . .     Faith    .   (armour unavailable)
rPois    +         Spirit   .   (helmet restricted)
rElec    .         Reflect  .   i - +1 cloak
rCorr    .         Harm     .   (no gloves)
MR       .....                  (no boots)
Stlth    ++........             (no amulet)
HPRegen  0.18/turn              k - ring of positive energy
MPRegen  0.13/turn              (no ring)

@: flying, very slightly contaminated
A: breathe noxious fumes, unfitting armour, poison resistance, cold-blooded, AC
+6
a: Breathe Noxious Fumes, Renounce Religion


You were on level 5 of the Dungeon.
You worshipped Okawaru.
Okawaru was noncommittal.
You were not hungry.

You visited 1 branch of the dungeon, and saw 5 of its levels.

You collected 190 gold pieces.

Inventory:

Hand Weapons
 l - a +0 spear
 q - a +1 dagger of venom
 w - a +1 flail of protection (weapon)
Missiles
 d - 58 sling bullets
 e - 164 stones (quivered)
 r - 20 poisoned needles
 t - 51 arrows
Armour
 i - a +1 cloak (worn)
Jewellery
 k - a ring of positive energy (left hand)
Scrolls
 c - a scroll of magic mapping
 f - a scroll of identify
 m - a scroll of remove curse {unknown}
 s - a scroll of amnesia {unknown}
 v - a scroll of immolation {unknown}
Potions
 h - 4 potions of degeneration
 j - a potion of cancellation {unknown}
 u - a potion of invisibility {unknown}
Books
 a - a book of Flames

   Spells                             Type                      Level
   a - Flame Tongue                   Conjuration/Fire             1
   b - Throw Flame                    Conjuration/Fire             2
   c - Conjure Flame                  Conjuration/Fire             3
   d - Inner Flame                    Hexes/Fire                   3
   e - Sticky Flame                   Conjuration/Fire             4
   f - Fireball                       Conjuration/Fire             5
Comestibles
 g - a ration


   Skills:
 + Level 2.1 Fighting
 + Level 2.6 Maces & Flails
 + Level 3.1 Dodging
 - Level 1.7 Stealth
 - Level 4.0 Spellcasting
 + Level 1.6 Conjurations
 + Level 5.5 Fire Magic


You had 5 spell levels left.
You knew the following spells:

 Your Spells              Type           Power        Failure   Level  Hunger
a - Flame Tongue          Conj/Fire      ###..        3%          1    None
b - Throw Flame           Conj/Fire      ###...       5%          2    ##.....
c - Inner Flame           Hex/Fire       ##......     16%         3    ###....
d - Conjure Flame         Conj/Fire      ###.....     11%         3    ###....


Dungeon Overview and Level Annotations

Branches:
Dungeon (5/15)
 Temple: D:4-7

Altars:
Elyvilon
Gozag
Okawaru
Qazlal
The Shining One

Annotations:
D:3 Pikel
D:5 Sigmund


Innate Abilities, Weirdness & Mutations

You can breathe blasts of noxious fumes.
Your lurid green scales are hard. (AC +6)
You cannot fit into any form of body armour.
Your system is resistant to poisons. (rPois)
You are cold-blooded and may be slowed by cold attacks.


Message History

Confirm with . or Enter, or press ? or * to list all spells.
You don't know that spell.
Casting: Throw Flame
Confirm with . or Enter, or press ? or * to list all spells.
You can't see any susceptible monsters within range! (Use Z to cast anyway.)
Casting: Throw Flame
Confirm with . or Enter, or press ? or * to list all spells.
You don't have enough magic to cast that spell.
You closely miss something. Something hits you but does no damage.
You miss something. Something barely misses you.
Something hits you but does no damage.
You closely miss something. Something barely misses you.
You miss something. Something hits you.
* * * LOW HITPOINT WARNING * * *
Something shocks you.
* * * LOW HITPOINT WARNING * * *
You miss something. Something hits you.
* * * LOW HITPOINT WARNING * * *
Something shocks you.
You die...

#.##############.#
#................#
#############....# ###
##..## .... #..#
.....#### #..#######
....Y.).# #..##....#
.....##{######..##....##
..o #@#..)....##...... .
#.#.#####.#.......
#.#.#####.........
#.#..............>
#.#########.......
#.................
###########.......
#....... #......$


There were no monsters in sight!

Vanquished Creatures
  Grinder (D:5)
  3 slaves (D:3)
  A scorpion (D:4)
  An orc priest (D:3)
  A centaur skeleton (D:2)
  5 orc wizards
  7 adders
  A shadow imp (D:5)
  An ooze (D:1)
  A worm (D:2)
  2 dart slugs
  3 leopard geckos (D:3)
  16 orcs
  6 giant cockroaches
  8 goblins
  8 hobgoblins
  15 jackals
  A ball python (D:2)
  A bat (D:2)
  3 frilled lizards
  8 kobolds
  5 rats
98 creatures vanquished.

Notes
Turn   | Place    | Note
-------+----------+-------------------------------------------
     0 | D:1      | Fortress the Draconian Fire Elementalist began the quest for the Orb.
     0 | D:1      | Reached XP level 1. HP: 14/14 MP: 3/3
   169 | D:1      | Reached XP level 2. HP: 20/20 MP: 1/5
   337 | D:2      | Reached XP level 3. HP: 23/26 MP: 1/6
   384 | D:2      | Reached skill level 4 in Fire Magic
   869 | D:1      | Reached XP level 4. HP: 33/33 MP: 5/7
   938 | D:2      | Found an iron altar of Okawaru.
   972 | D:2      | Became a worshipper of Warmaster Okawaru
  1402 | D:2      | Found an opulent altar of Gozag.
  1748 | D:3      | Found a glowing golden altar of the Shining One.
  1939 | D:3      | Learned a level 2 spell: Throw Flame
  1945 | D:2      | Learned a level 3 spell: Inner Flame
  2134 | D:3      | Reached XP level 5. HP: 29/39 MP: 1/9
  2400 | D:3      | Found a stormy altar of Qazlal.
  2440 | D:3      | Reached skill level 1 in Fighting
  2440 | D:3      | Reached skill level 1 in Maces & Flails
  3305 | D:4      | Reached XP level 6. HP: 42/47 MP: 0/11
  3334 | D:3      | Reached skill level 5 in Fire Magic
  3600 | D:4      | Noticed a slave
  3602 | D:4      | Noticed Pikel
  3602 | D:4      | Noticed a slave
  3602 | D:4      | Noticed a slave
  3603 | D:4      | Noticed a slave
  3631 | D:3      | Killed a slave
  3638 | D:3      | Killed a slave
  3665 | D:3      | HP: 2/47 [slave[Pikel] (9)]
  3671 | D:3      | Killed a slave
  4137 | D:5      | Entered Level 5 of the Dungeon
  4137 | D:5      | Noticed Grinder
  4137 | D:5      | Noticed Sigmund
  4276 | D:4      | Learned a level 3 spell: Conjure Flame
  4283 | D:4      | Found a white marble altar of Elyvilon.
  4403 | D:5      | Paralysed by Grinder for 2 turns
  4407 | D:5      | Paralysed by Grinder for 6 turns
  4432 | D:5      | Killed Grinder
  4432 | D:5      | Your scales start taking on a lurid green colour.
  4432 | D:5      | Reached XP level 7. HP: 41/53 MP: 0/13
  4432 | D:5      | Gained mutation: Your system is resistant to poisons. (rPois) [Green Draconian growth]
  4773 | D:5      | Slain by a sky beast

Skill      XL: |  1  2  3  4  5  6  7 |
---------------+----------------------+-----
Dodging        | 2 3 |  3.1
Fire Magic     | 4 5 |  5.5
Spellcasting   | 3 4 |  4.0
Fighting       | 1 2 |  2.1
Maces & Flails | 1 2 |  2.6
Stealth        | |  1.7
Conjurations   | |  1.6

Action                   |  1- 3 |  4- 6 |  7- 9 || total
-------------------------+-------+-------+-------++-------
Melee: Unarmed           |     7 |       |       ||     7
       Mace              |    10 |    52 |       ||    62
       Tailslap          |     1 |     8 |       ||     9
       Flail             |       |    68 |    35 ||   103
 Cast: Flame Tongue      |    44 |    91 |     3 ||   138
       Throw Flame       |       |    41 |     5 ||    46
       Inner Flame       |       |     3 |       ||     3
       Conjure Flame     |       |     1 |       ||     1
  Use: Scroll            |       |     7 |       ||     7
       Potion            |       |     1 |     1 ||     2
 Stab: Sleeping          |     1 |       |       ||     1
  Eat: Ration            |       |     5 |       ||     5
Armor: Skin              |    11 |    79 |    25 ||   115
Dodge: Dodged            |    33 |   151 |    21 ||   205
